 Dungeon Crawl Stone Soup version 0.31.0-32-g396128a36d (webtiles) character file.

Game seed: 11427913372143455351

4855 Logoto the Cleaver (level 10, -3/73 (77) HPs)
             Began as a Hill Orc Berserker on Mar 27, 2024.
             Was a Priest of Trog.
             Slain by a gnoll
             ... wielding a +3 halberd of electrocution
              (9 damage)
             ... in a bailey on Mar 28, 2024.
             The game lasted 00:22:09 (7585 turns).

Logoto the Cleaver (Hill Orc Berserker)             Turns: 7585, Time: 00:22:09

HP:   -3/73 (77)    AC: 12    Str: 25    XL:     10   Next: 49%
MP:   10/10         EV: 12    Int:  7    God:    Trog [***...]
Gold: 376           SH:  0    Dex: 10    Spells: 9/9 levels left

rFire   . . .        E - +10 flail "Anluc" {vamp, ^Fragile rC++ rN+}
rCold   + + .        (no shield)
rNeg    + + .        B - +0 ring mail
rPois   .            (no helmet)
rElec   .            (no cloak)
rCorr   .            (no gloves)
SInv    .            w - +0 pair of boots
Will    .....        (no amulet)
Stlth   +            f - +4 ring of protection
HPRegen 0.32/turn    g - ring of positive energy
MPRegen 0.12/turn

%: no passive effects
@: on berserk cooldown, slowed, drained, very slow
A: talons 1, frail 1
a: Renounce Religion, Berserk, Trog's Hand


You were in a bailey.
You worshipped Trog.
Trog was most pleased with you.
You visited 1 branch of the dungeon, and saw 9 of its levels.
You also visited: Bailey.

You collected 376 gold pieces.

Inventory:

Hand Weapons
 q - a +2 mace of draining
 E - the +10 flail "Anluc" (weapon) {vamp, ^Fragile rC++ rN+}
   (You took it off an orc on level 8 of the Dungeon)

   rC++:      It greatly protects you from cold.
   rN+:       It protects you from negative energy.
   ^Fragile:  It will be destroyed if unequipped.
 G - a +0 heavy hand axe
Missiles
 o - 30 poisoned darts (quivered)
Armour
 w - a +0 pair of boots (worn)
 B - a +0 ring mail (worn)
Jewellery
 f - a +4 ring of protection (left hand)
 g - a ring of positive energy (right hand)
 n - a ring of poison resistance
 t - a +5 ring of evasion
 I - a ring of protection from cold
Wands
 h - a wand of polymorph (12)
 v - a wand of flame (12)
 F - a wand of digging (4)
Scrolls
 a - 3 scrolls of vulnerability {unknown}
 c - 8 scrolls of teleportation {unknown}
 d - 9 scrolls of identify {unknown}
 j - a scroll of immolation {unknown}
 l - a scroll of enchant weapon {unknown}
 u - a scroll of fear {unknown}
 x - a scroll of blinking {unknown}
 y - a scroll of noise {unknown}
 z - a scroll of torment {unknown}
 H - a scroll of amnesia {unknown}
Potions
 b - a potion of might
 e - a potion of curing
 i - a potion of cancellation {unknown}
 k - 2 potions of mutation
 m - a potion of attraction {unknown}
 p - a potion of berserk rage
 r - a potion of degeneration {unknown}
 s - 2 potions of haste {unknown}
 A - 2 potions of brilliance {unknown}
 C - 3 potions of resistance {unknown}
 D - 3 potions of lignification {unknown}
 J - a potion of magic {unknown}


   Skills:
 + Level 7.2 Fighting
 + Level 9.9(12.1) Axes
 + Level 9.4(10.8) Maces & Flails
 + Level 1.0 Throwing
 * Level 7.9 Armour
 + Level 4.4 Dodging
 + Level 1.4 Stealth


You had 9 spell levels left.
You didn't know any spells.
Your spell library was empty.

Dungeon Overview and Level Annotations

Branches:
Dungeon (9/15)             Temple (0/1) D:4            Lair (0/5) D:9
 Bailey (1/1)
    Orc: D:9-12

Altars:
Fedhas
Kikubaaqudgha
Sif Muna
Trog
Vehumet
Wu Jian


Innate Abilities, Weirdness & Mutations

You have sharp toenails.
You are frail. (-10% HP)


Message History

You bludgeon the orc warrior!!
You kill the orc warrior!
Trog accepts your kill.
The gnoll hits you from afar with a +3 halberd of electrocution.
You are electrocuted!!
* * * LOW HITPOINT WARNING * * *
The gnoll hits you but does no damage. You partially resist.
The gnoll barely misses you. The gnoll attacks as it pursues you!
The gnoll barely misses you. x2
There is an open door here.
You feel a strong urge to attack something.
You see here a +1 halberd of draining.
There is an open door here.
You feel your anger nearly subside.
You are no longer berserk.
You are exhausted.
You feel yourself slow down.
You see here a +1 halberd of draining.
Which direction?
As you close the door, it creaks loudly!
A gnoll opens the door.
There is an open door here.
It was a potion of mutation.
You feel extremely strange.
You feel frail.
Your toenails lengthen and sharpen.
The gnoll barely misses you.
The gnoll hits you from afar with a +3 halberd of draining.
* * * LOW HITPOINT WARNING * * *
You partially resist.
You feel drained.
You open the door.
The gnoll hits you from afar with a +3 halberd of draining!
* * * LOW HITPOINT WARNING * * *
You partially resist.
You feel drained. The gnoll barely misses you.
You're still recovering from your berserk rage.
The gnoll hits you with a +3 halberd of draining!
* * * LOW HITPOINT WARNING * * *
You partially resist.
You feel drained. The gnoll barely misses you.
You thump the gnoll!
You feel better.
The gnoll is almost dead.
The gnoll hits you but does no damage. The gnoll completely misses you.
The gnoll hits you from afar with a +3 halberd of electrocution!
You die...

#.###)###)#.#
#)###)# #'# ###
#### ### ###
#)###)# #.#g#
##'##'##'# #'##+##+
##.....# #!.!.!#
###.....### #.!.!.#
#)'..⌠..'.# +!.⌠.!+
###.....# #)!.!.#
##)...@## ##!g!.!#
##'##'##g###'##+##+
#.###)###gg)## ###
### #####


You could see 3 gnolls.

Vanquished Creatures
  An elephant (D:9)
  Sigmund (D:6)
  A shadow (D:9)
  A yak (D:9)
  2 basilisks (D:9)
  4 water moccasins
  2 orc warriors
  4 black bears
  An ogre (D:6)
  3 centaurs
  3 phantoms
  2 kobold brigands
  4 bullfrogs
  2 scorpions
  9 wights
  A burial acolyte (D:5)
  A killer bee (D:8)
  2 howler monkeys (D:7)
  6 orc priests
  A bombardier beetle (D:5)
  4 hounds
  A jelly (D:6)
  3 sleepcaps
  9 orc wizards
  6 iguanas
  A hound zombie (D:5)
  A mummy (D:6)
  6 gnolls (Bailey)
  8 adders
  5 shadow imps
  2 white imps
  2 ufetubi (D:5)
  2 adder zombies (D:5)
  6 ribbon worms
  34 orcs
  4 bats
  3 endoplasms
  2 giant cockroaches
  3 gnoll zombies (D:5)
  7 goblins
  4 hobgoblins
  3 jackals (D:1)
  5 quokkas
  6 ball pythons
  3 frilled lizards (D:3)
  6 kobolds
  3 kobold zombies
  3 rats
193 creatures vanquished.

Notes
Turn   | Place    | Note
-------+----------+-------------------------------------------
     0 | D:1      | Logoto the Hill Orc Berserker began the quest for the Orb.
     0 | D:1      | Reached XP level 1. HP: 19/19 MP: 1/1
    96 | D:1      | Reached XP level 2. HP: 24/27 MP: 2/2
   565 | D:1      | Reached XP level 3. HP: 33/33 MP: 3/3
   768 | D:2      | Found a radiant altar of Vehumet.
   900 | D:2      | Reached skill level 5 in Axes
   957 | D:2      | Found a faded altar of an unknown god.
  1245 | D:2      | Reached XP level 4. HP: 39/40 MP: 4/4
  1675 | D:3      | Reached ** piety under Trog
  1824 | D:4      | Noticed a phantom
  1838 | D:4      | Killed a phantom
  1839 | D:4      | Reached XP level 5. HP: 31/47 MP: 5/5
  1932 | D:4      | Reached XP level 6. HP: 49/55 MP: 6/6
  1991 | D:4      | Reached skill level 5 in Fighting
  2050 | D:4      | Found a staircase to the Ecumenical Temple.
  2194 | D:4      | Found a blossoming altar of Fedhas.
  2231 | D:4      | Found an ornate altar of the Wu Jian Council.
  2381 | D:5      | Entered Level 5 of the Dungeon
  2587 | D:5      | Noticed a water moccasin
  2603 | D:5      | Killed a water moccasin
  2604 | D:5      | Reached XP level 7. HP: 10/61 MP: 7/7
  2604 | D:5      | HP: 3/61 [poisoned by a water moccasin]
  3050 | D:5      | Found an ancient bone altar of Kikubaaqudgha.
  3059 | D:5      | Reached skill level 1 in Maces & Flails
  3762 | D:6      | Reached XP level 8. HP: 69/69 MP: 8/8
  4047 | D:6      | Found a bloodstained altar of Trog.
  4062 | D:6      | Reached skill level 1 in Throwing
  4378 | D:6      | Reached skill level 5 in Maces & Flails
  4378 | D:6      | Reached skill level 5 in Armour
  4774 | D:6      | Noticed Sigmund
  4781 | D:6      | Killed Sigmund
  4782 | D:6      | Reached skill level 1 in Stealth
  4952 | D:6      | Reached XP level 9. HP: 64/75 MP: 9/9
  5891 | D:7      | Found a shimmering blue altar of Sif Muna.
  5931 | D:8      | Reached *** piety under Trog
  6174 | D:8      | Identified the +10 flail "Anluc" {vamp, ^Fragile rC++ rN+}
  6429 | D:8      | Reached XP level 10. HP: 84/84 MP: 10/10
  7145 | D:9      | Found a staircase to the Lair.
  7145 | D:9      | Noticed an elephant
  7184 | D:9      | Killed an elephant
  7343 | D:9      | Found a flagged portal.
  7360 | Bailey   | Entered a bailey
  7580 | Bailey   | Gained mutation: You are frail. (-10% HP) [potion of
                  | mutation]
  7580 | Bailey   | Gained mutation: You have sharp toenails. [potion of
                  | mutation]
  7585 | Bailey   | Slain by a gnoll

Illustrated notes

Levels and vault maps discovered:
D:1:      lightli_arrival_lavapool, layout_loops_ring, nicolae_wormholes
D:2:      layout_loops_ring, basic_altar, basic_ecumenical_altar,
          chequers_serial_rivers_marsh
D:3:      layout_basic, lemuel_round_altar, lemuel_doored_altar,
          serial_bayou_lagoon_a, grunt_ministairs_1
D:4:      layout_cave_pools, mainiacjoe_overflow_two_lobes,
          minmay_temple_entry_grid, mrwooster_statue_mirror
D:5:      layout_cave_pods, regret_index_kikubaaqudgha_part_by_part,
          serial_library_hellmonk_octagon
D:6:      nicolae_cairo_tiling_large_dashed, layout_basic, bloody_trog,
          nicolae_ossuary_entry_giza, uniq_sigmund
D:7:      layout_basic, hellmonk_sif_muna_bookshelves, minmay_manual_maat
D:8:      layout_basic, st_stairs_11
D:9:      layout_basic, david_lair_generic, enter_bailey_5, minmay_orc_keep,
          uniq_pikel
Bailey:   bailey_polearm_nasty_gnolls, bailey

Skill      XL: |  1  2  3  4  5  6  7  8  9 10 |
---------------+-------------------------------+-----
Fighting       | 4 5 6 7 |  7.2
Axes           | 5 6 7 8 9 |  9.9
Dodging        | 2 3 4 |  4.4
Armour         | 3 4 5 7 |  7.9
Maces & Flails | 3 5 7 9 |  9.4
Throwing       | 1 |  1.0
Stealth        | 1 |  1.4

Action                     |  1- 3 |  4- 6 |  7- 9 | 10-12 || total
---------------------------+-------+-------+-------+-------++-------
  Melee: Hand axe          |   114 |    96 |       |       ||   210
         Mace              |       |    40 |   297 |       ||   337
         Punch             |       |     1 |     3 |       ||     4
         Flail             |       |       |    21 |    88 ||   109
  Throw: Dart              |       |     6 |     3 |       ||     9
 Invoke: Berserk           |     4 |    10 |    17 |     5 ||    36
         Trog's Hand       |       |       |     1 |       ||     1
    Use: Potion            |       |     2 |     3 |     1 ||     6
   Stab: Sleeping          |     2 |       |       |       ||     2
 Armour: Animal skin       |    22 |       |       |       ||    22
         Leather armour    |    52 |    78 |   122 |       ||   252
         Ring mail         |       |       |   117 |    65 ||   182
  Dodge: Dodged            |    72 |   115 |   196 |    67 ||   450
